 Dungeon Crawl Stone Soup version 0.32-a0-918-g0f22ef8d61 (webtiles) character file.

Game seed: 2496865108565436285

570 jestert79 the Changeling (level 7, -8/51 HPs)
             Began as a Spriggan Shapeshifter on Apr 10, 2024.
             Was a Follower of Nemelex Xobeh.
             Mangled by Duvessa
             ... wielding a +0 short sword
              (15 damage)
             ... on level 4 of the Dungeon.
             The game lasted 00:12:22 (4467 turns).

jestert79 the Changeling (Spriggan Shapeshifter)    Turns: 4467, Time: 00:12:23

Health: -8/51      AC:  1    Str: 12    XL:     7   Next: 11%
Magic:  8/8        EV: 22    Int: 12    God:    Nemelex Xobeh [*.....]
Gold:   60         SH:  0    Dex: 20    Spells: 6/6 levels left

rFire   . .          .
                       - Unarmed
rCold   . . .        (shield currently unavailable)
rNeg    . . .        a - melded +0 animal skin
rPois   .            w - +0 hat
rElec   .            v - +0 cloak {Stlth+}
rCorr   .            (gloves unavailable)
SInv    +            (boots unavailable)
Will    +....        (no amulet) Stlth
                     g - +6 ring of dexterity
HPRegen 0.28/turn    (no ring)
MPRegen 0.11/turn

%: no passive effects
@: berserking, flux-form, glowing, very quick
A: glow, contaminating, very small, no large weapons, unfitting armour, see
invisible, speed 3
a: Begin Untransformation, Renounce Religion, Draw Escape, Draw Destruction,
Draw Summoning


You were on level 4 of the Dungeon.
You worshipped Nemelex Xobeh.
Nemelex Xobeh was aware of your devotion.
You were something dangerously unstable.
You visited 1 branch of the dungeon, and saw 6 of its levels.

You collected 294 gold pieces.
You spent 234 gold pieces at shops.

Inventory:

Hand Weapons
 t - a +0 sling
Missiles
 n - 2 poisoned darts
 o - 3 boomerangs (quivered)
Armour
 a - a +0 animal skin (melded)
 v - a +0 cloak of stealth (worn)
 w - a +0 hat (worn)
Jewellery
 g - a +6 ring of dexterity (left hand)
Talismans
 c - a beast talisman
 d - a flux talisman (active)
Wands
 f - a wand of flame (6)
Scrolls
 i - 2 scrolls of vulnerability
 k - 2 scrolls of acquirement {unknown}
 q - a scroll of teleportation {unknown}
 r - 2 scrolls of amnesia {unknown}
 s - a scroll of silence {unknown}
 u - a scroll of revelation
Potions
 b - 2 potions of lignification
 e - a potion of berserk rage
 h - a potion of invisibility {unknown}
 j - a potion of resistance
 l - 4 potions of attraction
 m - 4 potions of curing
 p - 3 potions of heal wounds


   Skills:
 + Level 1.8 Fighting
 + Level 3.9 Dodging
 * Level 4.3 Unarmed Combat
 + Level 7.7 Shapeshifting


You had 6 spell levels left.
You didn't know any spells.
Your spell library contained the following spells:

 Spells                   Type           Power      Damage    Failure   Level
 Maxwell's Portable Pile  Tloc           0%         2d(5-13)  69%         3
 Arcjolt                  Conj/Air       0%         1d10      100%        5
 Maxwell's Capacitive Co  Air            0%         ∞         100%        8


Dungeon Overview and Level Annotations

Branches:
Dungeon (6/15)             Temple (0/1) D:6

Altars:
Ashenzari
Makhleb
Nemelex Xobeh

Shops:
D:4 !   D:5 :*

Annotations:
D:4 Duvessa


Innate Abilities, Weirdness & Mutations

You are something dangerously unstable.
You glow with magical radiation, making you easy to see and hit.
Foes you strike become dangerously contaminated with magical radiation.
You are incapable of wielding weapons or throwing items.
You are very small and have problems with some larger weapons.
You are too small for most types of armour.
You have supernaturally acute eyesight. (SInv)
You cover ground extremely quickly. (Speed+++)


Message History

You closely miss Dowan.
Dowan is lightly wounded.
Dowan casts a spell at you. The puff of flame hits you!
You hit Dowan.
Dowan glows dangerously bright.
Dowan is moderately wounded.
You hit Dowan.
Dowan shudders as magic cascades through him!!
You kill Dowan!
Duvessa weeps, and shakes her weapon.
Duvessa goes berserk!
Unknown command.
Unknown command.
Okay, then.
Unknown command.
Unknown command.
Okay, then.
Unknown command.
A red film seems to cover your vision as you go berserk!
You feel yourself moving faster!
You feel mighty! Duvessa hits you with a +0 short sword!
* * * LOW HITPOINT WARNING * * *
Unknown command.
You are too berserk!
You hit Duvessa.
Duvessa begins to glow.
Duvessa is lightly wounded.
Duvessa closely misses you.
You hit Duvessa.
Duvessa glows dangerously bright.
Duvessa is lightly wounded.
Duvessa misses you.
You hit Duvessa.
Duvessa shudders as magic cascades through her!
Duvessa twists and deforms.
Duvessa is moderately wounded.
Duvessa completely misses you.
You hit Duvessa.
Duvessa begins to glow.
Duvessa is heavily wounded.
Duvessa hits you with a +0 short sword!
You die...
Your body disappears without additional glow.

#># ##### ### #.# ....#
..# #.# ###.# #.# #.#
#.# #.# #.# #.# #.# #.#
#.############.# #.#
#.##...........####.#
##.##.#####...ep.....#
##...#.#####...########
...............#
.#...#......#..#
.##.#######.#..#
....#### #.#..#
.......# #.#..#
.#####.# #.#..## .# #.#
#.#...#


You could see Duvessa (berserk, contam, misshapen).

Vanquished Creatures
  An ogre (D:5)
  A scorpion (D:6)
  A bullfrog (D:6)
  Dowan (D:4)
  A killer bee (D:5)
  5 iguanas
  6 adders
  A white imp (D:4)
  2 dart slugs
  A ribbon worm (D:2)
  14 orcs
  4 ball pythons
  4 endoplasms
  3 giant cockroaches
  6 goblins
  6 hobgoblins
  6 jackals
  3 quokkas
  2 bats
  2 frilled lizards (D:1)
  5 kobolds
  3 rats
78 creatures vanquished.

Notes
Turn   | Place    | Note
-------+----------+-------------------------------------------
     0 | D:1      | jestert79 the Spriggan Shapeshifter began the quest for the
                  | Orb.
     0 | D:1      | Reached XP level 1. HP: 9/9 MP: 2/2
   381 | D:1      | Reached XP level 2. HP: 14/14 MP: 3/3
   990 | D:2      | Reached skill level 5 in Shapeshifting
   990 | D:2      | Reached XP level 3. HP: 3/17 MP: 4/4
  1679 | D:3      | Found a sparkling altar of Nemelex Xobeh.
  2069 | D:3      | Became a worshipper of Nemelex Xobeh the Trickster
  2081 | D:4      | Noticed Dowan
  2084 | D:4      | Noticed Duvessa
  2232 | D:5      | Entered Level 5 of the Dungeon
  2237 | D:5      | Reached XP level 4. HP: 21/21 MP: 5/5
  2297 | D:5      | Noticed an ogre
  2318 | D:5      | Killed an ogre
  2319 | D:5      | Reached skill level 6 in Shapeshifting
  2319 | D:5      | Reached XP level 5. HP: 25/25 MP: 6/6
  2448 | D:5      | Found a burning altar of Makhleb.
  2450 | D:5      | Noticed a cacodemon
  2460 | D:5      | Noticed a ynoxinul
  2460 | D:5      | Noticed an orange demon
  2748 | D:5      | Found Miufio's Assorted Antiques.
  2765 | D:5      | Reached skill level 7 in Shapeshifting
  2814 | D:5      | Reached XP level 6. HP: 29/29 MP: 7/7
  2866 | D:5      | Reached * piety under Nemelex Xobeh
  2988 | D:5      | Found Tiasmypp's Book Shoppe.
  3127 | D:5      | Found a broken altar of Ashenzari.
  3482 | D:6      | Reached skill level 1 in Fighting
  3541 | D:6      | Found a staircase to the Ecumenical Temple.
  3572 | D:6      | Received a gift from Nemelex Xobeh
  3915 | D:6      | Noticed a steam dragon
  4037 | D:4      | Reached XP level 7. HP: 34/34 MP: 8/8
  4180 | D:4      | Found Carosaru's Distillery.
  4189 | D:4      | Bought a potion of curing for 39 gold pieces
  4219 | D:5      | Bought a glowing cloak for 195 gold pieces
  4462 | D:4      | Killed Dowan
  4467 | D:4      | Mangled by Duvessa

Illustrated notes

Levels and vault maps discovered:
D:1:      dpeg_arrival_round_b, layout_loops_ring
D:2:      layout_basic
D:3:      layout_basic, nemelex_diamond_rough_becter
D:4:      layout_loops_ring, serial_shops, nicolae_shop_industrial_runoff,
          amcnicky_mini_corridor_feature, guppyfry_early_lair_pool, uniq_duvessa
D:5:      layout_basic, makhleb_altar_promises_db, cheibrodos_ashenzari_chains,
          serial_shops, shop, nicolae_shop_tiny_waterfront, nicolae_half_adder
D:6:      layout_loops_ring, nicolae_dithmenos_the_darkroom,
          mainiacjoe_overflow_divided_tiny, temple_fountains

Skill      XL: |  1  2  3  4  5  6 |
---------------+-------------------+-----
Shapeshifting  | 5 6 7 |  7.7
Unarmed Combat | 3 4 |  4.3
Fighting       | 1 |  1.8
Dodging        | 3 |  3.9

Action                     |  1- 3 |  4- 6 |  7- 9 || total
---------------------------+-------+-------+-------++-------
  Melee: Unarmed           |   172 |    95 |    29 ||   296
         Punch             |       |     1 |       ||     1
  Throw: Boomerang         |       |    18 |       ||    18
         Dart              |       |     6 |       ||     6
    Use: Scroll            |       |     5 |     1 ||     6
         Potion            |       |     2 |     1 ||     3
   Stab: Sleeping          |     4 |       |     1 ||     5
 Armour: Animal skin       |    50 |    10 |       ||    60
         Skin              |       |    20 |     6 ||    26
  Dodge: Dodged            |   109 |    76 |    19 ||   204
   Form: Flux              |       |     1 |       ||     1

Table legend: (Time is in decaauts)
 A = Elapsed time spent in this place.
 B = Non-inter-level travel time spent in this place.
 C = Inter-level travel time spent in this place.
 D = Time resting spent in this place.
 E = Time spent auto-exploring this place.
 F = Levels seen in this place.
 G = Mean time per level.
                   A        B        C        D        E       F      G
               +--------+--------+--------+--------+--------+-----+--------+
         Total |   3144 |   2940 |    204 |    574 |   1342 |   6 |  524.0 |
       Dungeon |   3144 |   2940 |    204 |    574 |   1342 |   6 |  524.0 |
               +--------+--------+--------+--------+--------+-----+--------+

Top non-repeatable levels by time:
     D:5: 1034 daAuts
     D:1: 537 daAuts
     D:2: 471 daAuts
     D:3: 468 daAuts
     D:4: 390 daAuts
     D:6: 242 daAuts
